AoeStats
← Law the Furious

Arena

510116383Analyzed
1v1 RM · 3d ago on Sep 29, 2026· 23m 59s· 2 players
Game mode
Random Map
Map size
Tiny (2 player)
Population
200
Speed
Normal
Resources
Standard
Victory
Conquest
Starting age
Dark Age
Ending age
Imperial Age
RankedLock teamsTeams togetherTeam positionsShared explorationLock speedFull tech treeHidden civsTurbo modeCheats
Victory
Defeat
🇨🇭 Spanish · Switzerland
1252
+15
🇭🇰 Hindustanis · Hong Kong SAR China
1225
-15
Law the Furious
10:40 Feudal Age
12:38 Double-Bit Axe
15:14 Castle Age
15:22 Castle Age
13:09 Horse Collar
16:16 Loom
17:03 Bow Saw
22:42 Sanctity
ErwinEgo1
10:07 Feudal Age
14:03 Castle Age
12:28 Loom
21:45 Fletching
Connection lost

Rejoining the realm…

Still unreachable

The connection could not be restored.

Session expired

The server has moved on; the page needs a fresh start.